 Dungeon Crawl Stone Soup version bcrawl-1.39.1 (console) character file.

Game seed: 6316341030109350056

12876908 Burana the Gelid (level 20, -1/122 HPs)
             Began as a Twilight Stalker Archaeologist on Sept 18, 2023.
             Was the Champion of Kikubaaqudgha.
             Shot with a bolt by a yaktaur captain (17 damage)
             ... on level 1 of the Vaults on Sept 20, 2023.
             The game lasted 03:34:54 (30855 turns).

Burana the Gelid (Twilight Stalker Archaeologist)  Turns: 30855, Time: 03:34:55

Health: -1/122     AC: 22    Str: 23    XL:     20   Next: 12%
Magic:  15/37      EV: 19    Int: 11    God:    Kikubaaqudgha [******]
Gold:   1618       SH:  0    Dex: 15    Spells: 5/43 levels left

rFire    . . .     GDR:     34% a - +8 quick blade (pain)
rCold    + + .     SeeInvis .   (no shield)
rNeg     . . .     Gourm    .   t - +2 scale mail {MR+}
rPois    +         Faith    .   C - +2 helmet of Fun and Games {rElec MR+}
rElec    +         Spirit   .   h - +0 cloak of Tempters {*Contam rC++ Regen+ Slay+3}
rCorr    +         Reflect  .   o - +2 pair of gloves
MR       ++++.                  k - +2 pair of boots of Indemnity {rCorr Str+2 Dex-4}
Stlth    ++++++....             Q - amulet of Weifrut Life {Regen +Fly Str+4 Int-3 Slay+5}
HPRegen  2.55/turn              J - ring of poison resistance
MPRegen  0.25/turn              Y - +4 ring of slaying

@: about to teleport, regenerating, studying 2 skills
A: fangs 3, nightstalker 3, regeneration 1, no potion heal 3, rot immunity,
draining bite, strong jaws, assimilated armour
}: 2/15 runes: barnacled, gossamer
a: Receive Corpses, Torment, Renounce Religion, Evoke Flight


You were on level 1 of the Vaults.
You worshipped Kikubaaqudgha.
Kikubaaqudgha was exalted by your worship.
You were very hungry.

You visited 8 branches of the dungeon, and saw 29 of its levels.
You visited the Abyss 1 time.
You also visited: Bailey and Volcano.

You collected 4433 gold pieces.
You spent 2815 gold pieces at shops.

Inventory:

Hand Weapons
 a - a +8 quick blade of pain (weapon)
 b - the +8 halberd of Lugidyite {flame, Dex+2 SInv}
   (You bought it in a shop on level 12 of the Dungeon)

   It has been specially enchanted to surge with flame as it hits, increasing
   damage dealt by approximately one third against foes not resistant or
   susceptible to fire.
   Its heat also prevents any hydra heads it cuts off from regrowing.
   It affects your dexterity (+2).
   It lets you see invisible.
Missiles
 m - 5 throwing nets {=f}
 s - 105 tomahawks of dispersal {=f}
 O - 1163 poisoned tomahawks (quivered)
Armour
 h - the +0 cloak of Tempters (worn) {*Contam rC++ Regen+ Slay+3}
   (You bought it in a shop on level 4 of the Dungeon)

   It affects your accuracy and damage with ranged weapons and melee attacks
   (+3).
   It greatly protects you from cold.
   It causes magical contamination when unequipped.
   It increases your rate of regeneration.
 k - the +2 pair of boots of Indemnity (worn) {rCorr Str+2 Dex-4}
   (You bought it in a shop on level 4 of the Dungeon)

   It affects your strength (+2).
   It affects your dexterity (-4).
   It provides partial protection from all sources of acid and corrosion.
 o - a +2 pair of gloves (worn)
 t - a +2 scale mail of magic resistance (worn)
 C - the +2 helmet of Fun and Games (worn) {rElec MR+}
   (You found it on level 4 of the Dungeon)

   It insulates you from electricity.
   It affects your resistance to hostile enchantments.
Jewellery
 j - an uncursed ring of protection from magic
 y - an uncursed ring of insulation
 J - a ring of poison resistance (left hand)
 Q - the amulet of Weifrut Life (around neck) {Regen +Fly Str+4 Int-3 Slay+5}
   (You bought it in a shop on level 4 of the Dungeon)

   [amulet of regeneration]

   It affects your strength (+4).
   It affects your intelligence (-3).
   It affects your accuracy and damage with ranged weapons and melee attacks
   (+5).
   It lets you fly.
 S - an uncursed ring of see invisible
 T - an uncursed ring of protection from fire
 X - the ring of Ilemaato {Ice MR+}
   (You found it on level 5 of the Lair of Beasts)

   [ring of ice]

   It enhances your ice magic.
   It makes you vulnerable to fire.
   It protects you from cold.
   It affects your resistance to hostile enchantments.
 Y - a +4 ring of slaying (right hand)
Wands
 v - a wand of acid (19)
 E - a wand of paralysis (7)
 G - a wand of polymorph (14)
 R - a wand of digging (19)
Scrolls
 d - a scroll of vulnerability
 g - 7 scrolls of revelation
 n - 3 scrolls of enchant armour
 p - 12 scrolls of immolation
 u - 16 scrolls of remove curse
 w - a scroll of enchant weapon
 x - 4 scrolls of fear
 A - 4 scrolls of teleportation
 K - a scroll of torment
 N - 5 scrolls of fog
 P - 3 scrolls of amnesia
 Z - a scroll of noise
Potions
 c - 3 potions of resistance
 f - 2 potions of cancellation
 i - 2 potions of curing
 l - a potion of agility
 q - 8 potions of brilliance
 r - 2 potions of ambrosia
 D - 3 potions of flight
 F - 4 potions of lignification
 H - 5 potions of haste
 I - 3 potions of berserk rage
 L - a potion of invisibility
 U - 2 potions of might
 W - 2 potions of mutation
Comestibles
 e - 34 rations {!d}


   Skills:
 - Level 12.0 Fighting
 - Level 8.0 Short Blades
   Level 1.2 Maces & Flails
 - Level 8.0 Polearms
 - Level 9.0 Armour
 + Level 14.6 Dodging
 - Level 8.0 Stealth
 - Level 12.0 Spellcasting
 - Level 11.0 Charms
 - Level 15.0 Necromancy
 - Level 15.5 Ice Magic
 - Level 3.0 Evocations


You had 5 spell levels left.
You knew the following spells:

 Your Spells              Type           Power        Failure   Level  Hunger
a - Simulacrum            Ice/Necr       #####...     7%          6    ####...
b - Corpse Rot            Necr           N/A          1%          2    None
c - Regeneration          Chrm/Necr      #####.....   1%          3    None
d - Agony                 Necr           #####...     1%          4    None
e - Animate Dead          Necr           N/A          1%          4    None
f - Dispel Undead         Necr           #####...     1%          5    ##.....
g - Sublimation of Blood  Necr           #####.....   1%          2    None
h - Ozocubu's Refrigerat  Ice            #####.....   6%          6    ####...
i - Death Channel         Chrm/Necr      #####.....   17%         6    ####...

Your spell library contained the following spells:

 Spells                   Type           Power        Failure   Level  Hunger
 Necrotize                Necr           #####.       1%          1    None
 Flaming Arrows           Chrm/Fire      ###.....     3%          2    None
 Swiftness                Chrm/Air       ###.....     3%          2    None
 Ice Form                 Ice/Tmut       ###.....     10%         4    None
 Summon Ice Beast         Ice/Summ       ###.....     10%         4    None
 Beastly Appendage        Tmut           #.....       22%         1    None
 Corona                   Hex            #......      22%         1    None
 Magic Dart               Conj           #...         22%         1    None
 Static Discharge         Air            #.....       22%         1    None
 Sting                    Conj/Pois      #...         22%         1    None
 Summon Small Mammal      Summ           #...         22%         1    None
 Blink                    Tloc           N/A          34%         2    None
 Call Imp                 Summ           #.....       34%         2    None
 Passwall                 Tmut/Erth      #.......     34%         2    None
 Poisonous Vapours        Pois/Air       #.....       34%         2    None
 Shackle                  Hex            #.......     34%         2    None
 Shock                    Conj/Air       #......      34%         2    None
 Sticks to Snakes         Tmut           #.......     34%         2    None
 Call Canine Familiar     Summ           #.......     56%         3    None
 Confuse                  Hex            #.......     56%         3    None
 Conjure Flame            Conj/Fire      #.......     56%         3    None
 Dazzling Orbs            Conj/Hex       #......      56%         3    None
 False Image              Hex/Summ       #.......     56%         3    None
 Ignite Poison            Fire/Tmut/Pois #.......     56%         3    None
 Inner Flame              Hex/Fire       N/A          56%         3    None
 Mephitic Cloud           Conj/Pois/Air  #.......     56%         3    None
 Portal Projectile        Tloc           #.....       56%         3    None
 Recall                   Summ/Tloc      N/A          56%         3    None
 Spider Form              Tmut/Pois      #..          56%         3    None
 Cause Fear               Hex            #.........   92%         4    None
 Lightning Bolt           Conj/Air       #.......     92%         4    None
 Olgreb's Toxic Radiance  Pois           #........    92%         4    None
 Petrify                  Tmut/Erth      #.........   92%         4    None
 Sticky Flame             Conj/Fire      #.......     92%         4    None
 Summon Scorpions         Summ/Pois      #.......     92%         4    None
 Yara's Violent Unravell  Hex/Tmut       #.........   92%         4    None
 Blade Hands              Tmut           #.........   99%         5    ##.....
 Silence                  Hex/Air        #.........   99%         5    ##.....
 Summon Lightning Spire   Summ/Air       #.......     99%         5    ##.....
 Venom Bolt               Conj/Pois      #.........   99%         5    ##.....
 Poison Arrow             Conj/Pois      #.........   100%        6    ####...
 Virulence                Hex/Pois       #.......     100%        6    ####...
 Orb of Destruction       Conj           #.........   100%        7    ######.


Dungeon Overview and Level Annotations

Branches:
Dungeon (12/12)            Temple (1/1) D:5            Lair (6/6) D:7
 Shoals (3/3) Lair:2       Spider (3/3) Lair:3        Slime (0/5) Orc
    Orc (1/1) D:8             Elf (0/3) Lair:6       Vaults (2/3) D:12
 Depths (1/5) D:12
  Crypt: Vaults:1-2

Altars:
Ashenzari
Cheibriados
Dithmenos
Elyvilon
Fedhas
Gozag
Hepliaklqana
Kikubaaqudgha
Lugonu
Makhleb
Nemelex Xobeh
Okawaru
Qazlal
Ru
Sif Muna
Trog
Uskayaw
Vehumet
Wu Jian
Xom
Yredelemnul
Zin
The Shining One
Jiyva

Shops:
D:4 =([?*(   D:6 [   D:12 (   Orc }*%%:   Shoals:2 }   Vaults:1 [

Portals:
Hell: Depths:1
Abyss: Depths:1*

Annotations:
D:7 exclusion: door
Spider:2 exclusion: orange crystal statue


Innate Abilities, Weirdness & Mutations

You have razor-sharp teeth.
You are completely attuned to the shadows.
Your natural rate of healing is unusually fast.
Potions cannot restore your health.
You are immune to rotting.
Your bite drains your enemy's life force.
Your bites deal extra damage.
Your stealth is less affected by armour.


Message History

The arrow hits your centaur warrior zombie!
The yaktaur shoots a bolt.
The bolt hits your death knight zombie!!
The yaktaur hits your ironheart convoker skeleton!
The yaktaur shoots a bolt.
The bolt hits your centaur warrior zombie!!
As you read the scroll of teleportation, it crumbles to dust.
You feel strangely unstable.
The ogre mage hits your ironheart convoker skeleton with a +0 spear!
Your ironheart convoker skeleton is destroyed!
Your centaur warrior zombie hits the centaur warrior.
The yaktaur barely misses your wizard zombie.
Your wizard zombie hits the yaktaur.
Your death knight zombie hits the yaktaur!
The centaur warrior unwields a +0 shortbow.
The centaur warrior hits your centaur warrior zombie.
Your ironheart beastmaster zombie hits the yaktaur but does no damage.
The yaktaur captain shoots a bolt.
The bolt hits you!
You die...
Kikubaaqudgha rasps: "You have failed me!
Welcome... death!"

You could see a yaktaur captain, a centaur warrior, an ogre mage, 5 yaktaurs, a wizard, 2 ogres, a friendly death knight zombie, a friendly centaur warrior zombie, a friendly yaktaur zombie, a friendly wizard zombie, a friendly vault sentinel zombie, a friendly ironheart preserver zombie, a friendly tengu warrior zombie and a friendly ironheart beastmaster zombie.

Vanquished Creatures
  Arachne (Spider:3)
  A rockslime (Depths:1)
  A lich (Depths:1)
  A kraken (Shoals:3)
  3 sphinxes (Shoals:3)
  A fire giant (Depths:1)
  A frost giant (Depths:1)
  4 ghost moths (Spider:3)
  An emperor scorpion (Spider:3)
  An ironheart preserver (Vaults:1)
  3 stone giants (Depths:1)
  4 very ugly things (Depths:1)
  A vampire knight (Depths:1)
  6 spark wasps
  A dire elephant (Lair:6)
  A minotaur (Shoals:3)
  2 entropy weavers
  An ettin (Orc)
  2 merfolk javelineers
  2 merfolk impalers (Shoals:3)
  Urug (Orc)
  A fire dragon (Depths:1)
  A yaktaur captain (D:12)
  4 hydras
  Harold (Lair:4)
  A rakshasa (Depths:1)
  An alligator snapping turtle (Shoals:3)
  2 ice dragons
  A merfolk aquamancer (Shoals:3)
  A catoblepas (Shoals:3)
  A merfolk avatar (Lair:6)
  6 two-headed ogres
  A deep troll shaman (Depths:1)
  31 death yaks
  7 satyrs (Shoals:3)
  3 orc high priests (Orc)
  A deep troll earth mage (Depths:1)
  An ogre mage (Depths:1)
  A spriggan berserker (Depths:1)
  6 sea snakes
  Nergalle (Orc)
  6 deep trolls (Depths:1)
  3 centaur warriors
  A hell knight (Volcano)
  A fire crab (Lair:6)
  A salamander mystic (Volcano)
  2 unseen horrors
  The ghost of zoran the Fighter, a novice GrBe of Trog (D:6)
  3 wizards (D:12)
  3 cyclopes
  An orange crystal statue (Spider:1)
  A wolf spider zombie (D:12)
  A lindwurm (Lair:2)
  6 orc knights
  3 harpies
  4 orc sorcerers
  18 wolf spiders
  5 orb spiders
  A moth of wrath (Spider:2)
  3 fauns
  6 ugly things
  An oklob plant (Lair:4)
  A salamander (Volcano)
  6 manticores
  5 elephants (Lair:6)
  3 water nymphs
  6 merfolk sirens
  A black mamba (Lair:6)
  A torpor snail (Spider:3)
  A gargoyle (D:12)
  13 cane toads
  A rime drake (Lair:6)
  An eye of draining (D:12)
  2 efreet (D:12)
  10 demonic crawlers
  5 komodo dragons
  21 jumping spiders
  9 yaktaurs
  2 trolls
  11 hornets
  2 harpy skeletons
  12 merfolk
  2 wind drakes (Lair:6)
  23 blink frogs
  2 polar bears (Lair:6)
  5 hippogriffs
  11 dream sheep (Lair:6)
  5 slime creatures (D:11)
  2 snapping turtles
  5 water elementals
  16 tarantellas
  9 yaks
  Sigmund (D:2)
  2 shadows (D:12)
  6 wyverns
  4 basilisks
  A human (D:7)
  2 wraiths
  3 hogs (D:7)
  35 redbacks
  A hungry ghost (D:8)
  A steam dragon (D:9)
  Edmund (D:5)
  An acid dragon (Lair:6)
  12 crocodiles
  10 water moccasins
  A floating eye (shapeshifter) (Depths:1)
  10 porcupines
  30 orc warriors
  2 ice beasts (D:11)
  2 phantoms
  An ogre (shapeshifter) (Depths:1)
  A boggart (Depths:1)
  5 ogres
  5 kobold brigands
  8 bullfrogs
  A water moccasin zombie (D:6)
  21 centaurs
  A water moccasin skeleton (D:10)
  4 scorpions
  10 wights
  14 orc priests
  3 howler monkeys (D:12)
  5 electric eels
  3 crimson imps
  4 bullfrog zombies
  5 quasits (D:6)
  4 bullfrog skeletons
  9 hounds
  2 jellies
  31 orc wizards
  4 iguanas
  17 worker ants
  6 hell rats (Lair:5)
  A killer bee zombie (D:6)
  A hound skeleton (D:8)
  3 hound zombies
  A howler monkey zombie (D:6)
  5 worker ant zombies (D:6)
  Robin (D:2)
  A gnoll (D:4)
  17 adders
  A howler monkey skeleton (D:4)
  A shadow imp (D:5)
  2 oozes
  5 adder zombies (D:6)
  2 adder skeletons
  4 worms
  A dart slug (D:1)
  5 leopard geckos
  95 orcs
  2 ball pythons
  5 giant cockroaches
  18 goblins
  12 hobgoblins
  14 jackals
  4 bats
  2 frilled lizards
  31 kobolds
  6 rats
  4 plants
  4 tentacles (Shoals:3)
912 creatures vanquished.

Vanquished Creatures (collateral kills)
  Polyphemus (Shoals:3)
  A tengu reaver (Depths:1)
  Aizul (Depths:1)
  2 emperor scorpions (Spider:3)
  2 entropy weavers
  The ghost of Burana the Jinx, a journeyman VSAc of Dithmenos (Lair:4)
  2 hydras (Lair:4)
  A two-headed ogre (Depths:1)
  4 death yaks
  A sea snake (Shoals:1)
  A deep troll earth mage (Depths:1)
  5 satyrs (Shoals:3)
  2 centaur warriors
  2 deep trolls (Depths:1)
  A wolf spider zombie (D:12)
  2 wizards (Depths:1)
  6 harpies
  12 wolf spiders
  12 orb spiders
  An orc sorcerer (Orc)
  5 fauns
  5 manticores
  2 salamanders (Volcano)
  3 ugly things
  2 elephants (Lair:6)
  A black mamba (Lair:4)
  A cane toad (Lair:6)
  A demonic crawler (Spider:3)
  6 jumping spiders
  2 yaktaurs
  2 rime drakes (Lair:6)
  4 merfolk
  A troll (D:7)
  A polar bear (Lair:4)
  A wind drake (Shoals:3)
  2 hornets (Spider:3)
  3 blink frogs
  A dream sheep (Lair:6)
  2 hippogriffs (Shoals:3)
  A wyvern (Lair:6)
  9 tarantellas
  3 water elementals (Shoals:3)
  2 basilisks (Lair:6)
  20 redbacks
  An orc warrior (D:8)
  An ogre (Depths:1)
  A bullfrog (Lair:1)
  An orc priest (D:8)
  An orc wizard (D:8)
  4 worker ants
  A hound zombie (D:6)
  A river rat (D:7)
  2 adder skeletons
  11 orcs
  A kobold (D:12)
  4 fungi
  9 plants
178 creatures vanquished.

Vanquished Creatures (others)
  A centaur warrior (Depths:1)
  4 fungi (Lair:6)
  A lurking horror (Depths:1)
  28 plants
34 creatures vanquished.

Grand Total: 1124 creatures vanquished

Notes
Turn   | Place    | Note
-------+----------+-------------------------------------------
     0 | D:1      | Burana the Vine Stalker Archaeologist began the quest for
                  | the Orb.
     0 | D:1      | Reached XP level 1. HP: 11/11 MP: 2/2
    87 | D:1      | Reached skill level 1 in Fighting
    87 | D:1      | Reached skill level 1 in Maces & Flails
   240 | D:1      | Reached XP level 2. HP: 17/17 MP: 3/3
   370 | D:1      | Reached skill level 1 in Short Blades
   395 | D:1      | Reached XP level 3. HP: 20/21 MP: 4/4
   987 | D:2      | Noticed Robin
  1006 | D:2      | Killed Robin
  1007 | D:2      | Reached XP level 4. HP: 20/26 MP: 5/5
  1029 | D:2      | Reached skill level 5 in Stealth
  1256 | D:2      | Noticed Sigmund
  1267 | D:2      | Killed Sigmund
  1268 | D:2      | Reached skill level 1 in Armour
  1268 | D:2      | Reached XP level 5. HP: 33/33 MP: 6/6
  1268 | D:2      | Gained mutation: You have razor-sharp teeth. [Vine Stalker
                  | growth]
  1268 | D:2      | Reached XP level 6. HP: 38/38 MP: 7/7
  1268 | D:2      | Identified a scroll of acquirement
  2188 | D:3      | Reached XP level 7. HP: 44/44 MP: 8/8
  2245 | D:3      | Reached skill level 5 in Fighting
  2727 | D:4      | Found Gynus's Elemental Accessories.
  2745 | D:4      | Reached skill level 5 in Dodging
  2825 | D:4      | Found Jip Xupt's Antique Weapon Shoppe.
  2841 | D:4      | Found Qawaprer's Magic Scroll Boutique.
  2846 | D:4      | Bought a scroll of teleportation for 36 gold pieces
  3150 | D:4      | Reached skill level 1 in Evocations
  3191 | D:4      | Found Nustyewn's Antique Armour Boutique.
  3225 | D:4      | Got a buzzing helmet
  3237 | D:4      | Identified the +2 helmet of Fun and Games {rElec MR+} (You
                  | found it on level 4 of the Dungeon)
  3244 | D:4      | Gained mutation: Your bite drains your enemy's life force.
                  | [Twilight Stalker growth]
  3244 | D:4      | Gained mutation: Your stealth is less affected by armour.
                  | [Twilight Stalker growth]
  3244 | D:4      | Gained mutation: You are slightly more attuned to the
                  | shadows. [Twilight Stalker growth]
  3244 | D:4      | Reached XP level 8. HP: 44/49 MP: 9/10
  3299 | D:4      | Found Waomasamm's Weapon Shop.
  3307 | D:4      | Found Pegyhealo's Jewellery Shoppe.
  3337 | D:4      | Reached skill level 1 in Spellcasting
  3357 | D:4      | Identified the amulet "Earthly Heaven" {Regen Stlth+} (You
                  | acquired it on level 4 of the Dungeon)
  3370 | D:4      | Bought an ichor-stained cloak for 228 gold pieces
  3370 | D:4      | Bought a pair of steaming boots for 228 gold pieces
  3378 | D:4      | Identified the cursed +0 cloak of Tempters {*Contam rC++
                  | Regen+ Slay+3} (You bought it in a shop on level 4 of the
                  | Dungeon)
  3388 | D:4      | Identified the +2 pair of boots of Indemnity {rCorr Str+2
                  | Dex-4} (You bought it in a shop on level 4 of the Dungeon)
  3423 | D:5      | Entered Level 5 of the Dungeon
  3551 | D:5      | Found a staircase to the Ecumenical Temple.
  3558 | Temple   | Entered the Ecumenical Temple
  3681 | Temple   | Became a worshipper of Kikubaaqudgha
  3722 | D:5      | Noticed a hippogriff
  3734 | D:5      | Killed a hippogriff
  3781 | D:5      | Noticed Edmund
  3796 | D:5      | Killed Edmund
  3827 | D:5      | Got a pitted spear
  3829 | D:5      | Identified the cursed +3 spear "Yrhargh" {pierce, MP-9
                  | Str+2 Dex+7} (You found it on level 5 of the Dungeon)
  3867 | D:5      | Reached skill level 1 in Polearms
  3913 | D:5      | Found a bloodstained altar of Trog.
  4017 | D:5      | Found a shimmering altar of Xom.
  4490 | D:4      | Reached XP level 9. HP: 54/54 MP: 5/14
  4495 | D:4      | Reached skill level 5 in Necromancy
  4520 | D:4      | Reached * piety under Kikubaaqudgha
  4520 | D:4      | Identified Kikubaaqudgha's Guide on Sinister Secrets
                  | (Kikubaaqudgha gifted it to you on level 4 of the Dungeon)
  4520 | D:4      | Received a gift from Kikubaaqudgha
  4526 | D:4      | Learned a level 1 spell: Necrotize
  4907 | D:5      | Learned a level 2 spell: Corpse Rot
  4911 | D:5      | Learned a level 3 spell: Regeneration
  5015 | D:6      | Found a transporter.
  5026 | D:6      | Found a transporter.
  5030 | D:6      | Noticed zoran's ghost (novice GrBe)
  5253 | D:6      | Found a blossoming altar of Fedhas.
  5746 | D:6      | Reached ** piety under Kikubaaqudgha
  5784 | D:6      | Found a radiant altar of Vehumet.
  5784 | D:6      | Found a glowing silver altar of Zin.
  5911 | D:6      | Found Punuon's Armour Emporium.
  6079 | D:4      | Bought the amulet of Weifrut Life {Regen +Fly Str+4 Int-3
                  | Slay+5} for 770 gold pieces
  6197 | D:7      | Noticed a death yak
  6216 | D:7      | Noticed a death yak
  6227 | D:7      | HP: 1/54 [hog (2)]
  6229 | D:7      | Reached skill level 5 in Polearms
  6229 | D:7      | Reached skill level 1 in Charms
  6481 | D:7      | Noticed a death yak
  6569 | D:8      | Reached XP level 10. HP: 40/59 MP: 17/17
  6596 | D:8      | Reached skill level 5 in Charms
  7150 | D:8      | Reached *** piety under Kikubaaqudgha
  7150 | D:8      | Identified Kikubaaqudgha's Papyrus of Sinister Rituals
                  | (Kikubaaqudgha gifted it to you on level 8 of the Dungeon)
  7150 | D:8      | Received a gift from Kikubaaqudgha
  7159 | D:8      | Learned a level 4 spell: Agony
  7190 | D:8      | Learned a level 4 spell: Animate Dead
  7248 | D:8      | Found a stormy altar of Qazlal.
  7572 | D:8      | Found a staircase to the Orcish Mines.
  7897 | D:4      | Bought a transparent rapier for 243 gold pieces
  7897 | D:4      | Identified the +1 rapier "Vuosodint" {pierce, Str-2 Int+3}
                  | (You bought it in a shop on level 4 of the Dungeon)
  8282 | D:6      | Killed zoran's ghost
  8753 | D:7      | Found a staircase to the Lair.
  8763 | D:7      | Killed a death yak
  8764 | D:7      | Reached skill level 5 in Short Blades
  8764 | D:7      | Reached XP level 11. HP: 20/63 MP: 18/18
  8768 | D:7      | Killed a death yak
  8800 | D:7      | Killed a death yak
  9188 | D:7      | Reached **** piety under Kikubaaqudgha
  9356 | Lair:1   | Entered Level 1 of the Lair of Beasts
  9627 | Lair:1   | Reached skill level 5 in Spellcasting
  9640 | Lair:1   | Learned a level 5 spell: Dispel Undead
 10189 | Lair:2   | Got an ancient golden ring
 10249 | Lair:2   | Found a dark tunnel.
 10249 | Lair:2   | Noticed a lindwurm
 10257 | Lair:2   | Killed a lindwurm
 10303 | Lair:2   | Identified the cursed ring of Xoarol {*Corrode +Fly Int+4}
                  | (You found it on level 2 of the Lair of Beasts)
 10316 | Lair:2   | Learned a level 2 spell: Sublimation of Blood
 10318 | Volcano  | Entered a volcano
 10364 | Volcano  | Noticed a hell knight
 10374 | Volcano  | Killed a hell knight
 10408 | Volcano  | Noticed a salamander
 10424 | Volcano  | Killed a salamander
 10425 | Volcano  | Gained mutation: You are significantly more attuned to the
                  | shadows. [Twilight Stalker growth]
 10425 | Volcano  | Reached XP level 12. HP: 39/68 MP: 14/24
 10654 | Lair:2   | Learned a level 6 spell: Ozocubu's Refrigeration
 10902 | Lair:2   | Got a shimmering silver amulet
 10906 | Lair:2   | Identified the amulet of the Komodo Dragon {Inacc MR+} (You
                  | found it on level 2 of the Lair of Beasts)
 11528 | Lair:2   | Found a staircase to the Shoals.
 11899 | Lair:3   | Found a hole to the Spider Nest.
 12502 | Lair:4   | Noticed Harold
 12510 | Lair:4   | Killed Harold
 12644 | Lair:4   | Noticed a four-headed hydra
 12658 | Lair:4   | Killed a four-headed hydra
 12767 | Lair:4   | Noticed a death yak
 12768 | Lair:4   | Noticed a death yak
 12779 | Lair:4   | Killed a death yak
 12780 | Lair:4   | Killed a death yak
 12801 | Lair:4   | Noticed an eight-headed hydra
 12807 | Lair:4   | Killed an eight-headed hydra
 12808 | Lair:4   | Reached skill level 10 in Dodging
 12874 | Lair:4   | Reached XP level 13. HP: 78/78 MP: 26/26
 12939 | Lair:4   | Found a runed translucent gate.
 12939 | Lair:4   | Found a runed translucent gate.
 12941 | Lair:4   | Found a runed translucent gate.
 12943 | Lair:4   | Noticed Burana's ghost (journeyman VSAc)
 13068 | Lair:4   | Reached skill level 10 in Necromancy
 14022 | Lair:5   | Got a flickering iron ring
 14025 | Lair:5   | Identified the ring of Ilemaato {Ice MR+} (You found it on
                  | level 5 of the Lair of Beasts)
 14367 | Lair:5   | Reached ***** piety under Kikubaaqudgha
 14605 | Lair:6   | Entered Level 6 of the Lair of Beasts
 14669 | Lair:6   | Found a staircase to the Elven Halls.
 14841 | Lair:6   | Reached XP level 14. HP: 84/84 MP: 6/27
 14917 | Lair:6   | Got a translucent glass ring
 14920 | Lair:6   | Identified the ring of the Duchess {Ice +Fly rPois Stlth-}
                  | (You found it on level 6 of the Lair of Beasts)
 15390 | Lair:6   | Noticed a dire elephant
 15413 | Lair:6   | Killed a dire elephant
 15521 | Lair:6   | Reached skill level 10 in Charms
 15794 | Lair:6   | Reached skill level 10 in Spellcasting
 15813 | Lair:6   | Reached XP level 15. HP: 84/89 MP: 26/30
 16165 | Lair:6   | Learned a level 6 spell: Death Channel
 16424 | Orc      | Entered the Orcish Mines
 16424 | Orc      | Noticed Nergalle
 16428 | Orc      | Killed Nergalle
 16683 | Orc      | Found Pacacronk's Book Shop.
 16823 | Orc      | Reached ****** piety under Kikubaaqudgha
 16881 | Orc      | Found Adgheach's Food Boutique.
 16920 | Orc      | Found Gyhos's Assorted Antiques.
 17074 | Orc      | Found Foskorho's Gadget Emporium.
 17076 | Orc      | Found Erchenoli's Food Boutique.
 17207 | Orc      | Noticed Urug
 17222 | Orc      | Killed Urug
 17265 | Orc      | Found a viscous altar of Jiyva.
 17265 | Orc      | Found a staircase to the Slime Pits.
 17603 | Orc      | Bought a scroll of identify for 54 gold pieces
 17608 | Orc      | Bought a scroll labeled TACIMO KICYDUEPE for 27 gold pieces
 17608 | Orc      | Bought a scroll labeled FOQAWIUWYU for 27 gold pieces
 17716 | Orc      | Identified a +7 quick blade of pain (a +5 vampiric quick
                  | blade bloodied by Kikubaaqudgha)
 17716 | Orc      | Received a gift from Kikubaaqudgha
 17775 | Orc      | Bought a book of Unlife for 780 gold pieces
 18309 | D:9      | Found a stormy altar of Qazlal.
 18420 | D:9      | Found an ornate altar of the Wu Jian Council.
 18819 | D:10     | Entered Level 10 of the Dungeon
 18884 | D:10     | Found a flagged portal.
 18905 | Bailey   | Entered a bailey
 19041 | Bailey   | Reached skill level 10 in Fighting
 20070 | D:11     | Reached skill level 1 in Ice Magic
 20534 | D:12     | Entered Level 12 of the Dungeon
 20534 | D:12     | Found Jajoesy's Antique Weapon Boutique.
 20574 | D:12     | Bought a masterwork halberd for 288 gold pieces
 20575 | D:12     | Identified the +8 halberd of Lugidyite {flame, Dex+2 SInv}
                  | (You bought it in a shop on level 12 of the Dungeon)
 20651 | D:12     | Cast into level 1 of the Abyss (a wizard)
 20672 | D:12     | Escaped the Abyss
 20851 | D:12     | Gained mutation: You are completely attuned to the shadows.
                  | [Twilight Stalker growth]
 20851 | D:12     | Reached XP level 16. HP: 66/97 MP: 31/31
 21009 | D:12     | Found a staircase to the Depths.
 21061 | D:12     | Reached skill level 5 in Ice Magic
 21144 | D:12     | Found a gate to the Vaults.
 21390 | Spider:1 | Entered Level 1 of the Spider Nest
 21824 | Spider:1 | Reached skill level 5 in Armour
 22234 | Spider:1 | Identified the Reference Book on Combat Magic and Fire
 23842 | Spider:3 | Entered Level 3 of the Spider Nest
 24294 | Spider:3 | Noticed Arachne
 24312 | Spider:3 | Killed Arachne
 24313 | Spider:3 | Reached skill level 10 in Ice Magic
 24318 | Spider:3 | Reached XP level 17. HP: 58/102 MP: 28/33
 24326 | Spider:3 | Learned a level 6 spell: Simulacrum
 25148 | Spider:3 | Got a gossamer rune of Zot
 25403 | Spider:3 | Reached skill level 15 in Ice Magic
 25403 | Spider:3 | Reached XP level 18. HP: 107/107 MP: 34/34
 25716 | Orc      | Bought a potion of curing for 67 gold pieces
 25716 | Orc      | Bought a potion of curing for 67 gold pieces
 26077 | Shoals:1 | Entered Level 1 of the Shoals
 27428 | Shoals:2 | Found Uwyczoz's Gadget Shop.
 27818 | Lair:4   | Killed Burana's ghost
 27845 | Lair:4   | Identified the +3 broad axe of the Two Names {freeze,
                  | *Drain rPois rN+ Stlth+} (You found it on level 4 of the
                  | Lair of Beasts)
 28045 | Shoals:3 | Entered Level 3 of the Shoals
 28282 | Shoals:3 | Reached XP level 19. HP: 100/113 MP: 22/35
 28758 | Shoals:3 | Identified the Grimoire of Dislocated Poisoning
 28764 | Shoals:3 | Got a barnacled rune of Zot
 28892 | Shoals:3 | Noticed Polyphemus
 28900 | Shoals:3 | Killed Polyphemus
 29454 | Depths:1 | Entered Level 1 of the Depths
 29467 | Depths:1 | Noticed Aizul
 29472 | Depths:1 | Noticed a lich
 29478 | Depths:1 | Killed a lich
 29700 | Depths:1 | Reached skill level 15 in Necromancy
 29930 | Depths:1 | Found a corrupted altar of Lugonu.
 29931 | Depths:1 | Found a one-way gate to the infinite horrors of the Abyss.
 29996 | Depths:1 | Found a gateway to Hell.
 30096 | Depths:1 | Noticed a rockslime
 30108 | Depths:1 | Killed a rockslime
 30155 | Depths:1 | Reached XP level 20. HP: 69/122 MP: 37/37
 30318 | Depths:1 | Found an iron altar of Okawaru.
 30333 | Depths:1 | Killed Aizul
 30587 | Vaults:1 | Entered Level 1 of the Vaults
 30727 | Vaults:1 | Identified the cursed +1 robe of Pride {rN++ rCorr MP-9}
 30761 | Vaults:1 | Found Azeowulepnol's Armour Boutique.
 30855 | Vaults:1 | Shot with a bolt by a yaktaur captain

Skill      XL: |  1  2  3  4  5  6  7  8  9 10 11 12 13 14 15 16 17 18 19 |
---------------+----------------------------------------------------------+-----
Fighting       | 1 2 4 5 8 10 12 | 12.0
Maces & Flails | 1 |  1.2
Short Blades   | 1 2 5 7 8 |  8.0
Stealth        | 5 8 |  8.0
Dodging        | 4 6 8 10 11 12 14 | 14.6
Armour         | 1 2 3 7 9 |  9.0
Evocations     | 2 3 |  3.0
Spellcasting   | 3 4 7 8 10 11 12 | 12.0
Necromancy     | 4 7 9 11 14 15 | 15.0
Polearms       | 2 5 8 |  8.0
Charms         | 4 7 8 10 11 | 11.0
Ice Magic      | 4 10 15 | 15.5

Action                   |  1- 3 |  4- 6 |  7- 9 | 10-12 | 13-15 | 16-18 | 19-21 || total
-------------------------+-------+-------+-------+-------+-------+-------+-------++-------
Melee: Whip              |    14 |       |       |       |       |       |       ||    14
       Short sword       |   103 |   168 |    34 |    78 |       |       |       ||   383
       Bite              |    10 |    16 |    71 |   107 |   335 |   167 |   111 ||   817
       Falchion          |       |       |    92 |       |       |       |       ||    92
       Spear             |       |       |    55 |       |       |       |       ||    55
       Trident           |       |       |   138 |    25 |    38 |       |       ||   201
       Rapier            |       |       |       |   116 |       |       |       ||   116
       Quick blade       |       |       |       |    72 |   719 |   364 |   158 ||  1313
       Halberd           |       |       |       |       |       |    84 |    83 ||   167
 Fire: Blowgun           |       |     3 |     3 |       |       |       |       ||     6
Throw: Javelin           |       |    12 |     6 |     5 |       |       |       ||    23
       Tomahawk          |       |       |       |    17 |     2 |    10 |     5 ||    34
 Cast: Necrotize         |       |       |    13 |   106 |    45 |     1 |       ||   165
       Corpse Rot        |       |       |     1 |       |       |       |       ||     1
       Animate Dead      |       |       |       |    23 |    59 |    62 |    32 ||   176
       Regeneration      |       |       |       |     3 |     6 |     1 |     5 ||    15
       Agony             |       |       |       |     5 |       |       |       ||     5
       Death Channel     |       |       |       |       |     5 |     1 |       ||     6
       Simulacrum        |       |       |       |       |       |    13 |     7 ||    20
       Ozocubu's Refrige |       |       |       |       |       |     4 |     8 ||    12
       Sublimation of Bl |       |       |       |       |       |       |     1 ||     1
Invok: Receive Corpses   |       |       |     1 |     3 |     2 |    15 |    14 ||    35
       Brand Weapon With |       |       |       |       |     1 |       |       ||     1
 Abil: Evoke Flight      |       |       |       |       |       |     1 |       ||     1
Evoke: Wand              |       |       |       |       |       |       |     1 ||     1
       Phantom mirror    |       |       |       |       |       |       |     1 ||     1
  Use: Scroll            |     1 |     4 |    11 |    13 |    11 |     9 |     7 ||    56
       Potion            |       |       |       |       |       |     5 |       ||     5
 Stab: Sleeping          |     8 |     1 |    21 |    17 |    46 |     6 |     1 ||   100
       Distracted        |       |     1 |     2 |     2 |     8 |    10 |     3 ||    26
  Eat: Chunk             |     3 |     9 |    20 |    17 |    25 |    25 |    12 ||   111
       Ration            |       |       |     1 |     5 |     6 |     4 |     1 ||    17
Armor: Robe              |    40 |    15 |       |       |       |       |       ||    55
       Ring mail         |       |    35 |   115 |    33 |       |       |       ||   183
       Leather armour    |       |       |       |    61 |   109 |   123 |       ||   293
       Scale mail        |       |       |       |       |       |    40 |   120 ||   160
Dodge: Dodged            |    78 |    84 |   171 |   176 |   319 |   325 |   223 ||  1376
Block: Other             |       |       |     1 |       |       |       |       ||     1
       Buckler           |       |       |       |       |       |     2 |       ||     2
